 Dungeon Crawl Stone Soup version 0.27.1-1-g398f81649c (webtiles) character file.

Game seed: 13788001012812679043

72 ZARRMARR the Cutter (level 4, 0/31 HPs)
             Began as an Octopode Monk on Sept 10, 2021.
             Succumbed to an adder's poison
             ... on level 2 of the Dungeon.
             The game lasted 00:01:39 (1319 turns).

ZARRMARR the Cutter (Octopode Monk)                 Turns: 1319, Time: 00:01:40

Health: 0/31       AC:  1    Str: 10    XL:     4   Next: 25%
Magic:  4/4        EV: 14    Int: 13    God:
Gold:   89         SH:  0    Dex: 14    Spells: 3/3 levels left

rFire    . . .     SeeInvis .   a - +0 short sword
rCold    . . .     Faith    .   (no shield)
rNeg     . . .     Spirit   .   (helmet restricted)
rPois    .         Reflect  .   (no amulet)
rElec    .         Harm     .   (no ring)
rCorr    .         Rampage  .   (no ring)
Will     .....                  (no ring)
Stlth    +++.......             (no ring)
HPRegen  0.10/turn              (no ring)
MPRegen  0.09/turn              (no ring)
                                (no ring)
                                (no ring)

@: lethally poisoned (0 -> -4)
A: almost no armour, amphibious, 8 rings, camouflage 1, gelatinous body 1,
(nimble swimmer 1), tentacles
a: no special abilities


You were on level 2 of the Dungeon.
You visited 1 branch of the dungeon, and saw 2 of its levels.

You collected 89 gold pieces.

Inventory:

Hand Weapons
 a - a +0 short sword (weapon)
Scrolls
 b - a scroll of identify {unknown}
 d - a scroll of amnesia {unknown}
 e - a scroll of noise {unknown}
Potions
 c - a potion of mutation {unknown}
 f - a potion of curing {unknown}
 g - 3 potions of lignification {unknown}


   Skills:
 + Level 3.4 Fighting
 * Level 3.9 Short Blades
 + Level 3.4 Dodging
 + Level 3.6 Stealth


You had 3 spell levels left.
You didn't know any spells.
Your spell library was empty.

Dungeon Overview and Level Annotations

Branches:
Dungeon (2/15)

Altars:


Innate Abilities, Weirdness & Mutations

You cannot wear most types of armour.
You are amphibious.
You can wear up to eight rings at the same time.
Your skin changes colour to match your surroundings (Stealth+).
Your rubbery body absorbs attacks. (AC +1, EV +1)
((You are camouflaged near water. (Stealth+)))
You have tentacles for arms and can constrict up to eight enemies at once.


Message History

You are too injured to fight recklessly!
You are too injured to fight recklessly!
You are too injured to fight recklessly!
You are too injured to fight recklessly!
You are too injured to fight recklessly!
You are too injured to fight recklessly!
You are too injured to fight recklessly!
You are too injured to fight recklessly!
You are too injured to fight recklessly!
You are too injured to fight recklessly!
You are too injured to fight recklessly!
You are too injured to fight recklessly!
You are too injured to fight recklessly!
You are too injured to fight recklessly!
You are too injured to fight recklessly!
You are too injured to fight recklessly!
You are too injured to fight recklessly!
Unknown command.
You hit the gnoll.
The gnoll is heavily wounded.
You constrict the gnoll. You hit the gnoll but do no damage.
The gnoll is heavily wounded.
You constrict the gnoll. The gnoll barely misses you.
You hit the gnoll.
You kill the gnoll!
The gnoll hits you from afar with a +0 spear.
* * * LOW HITPOINT WARNING * * *
You closely miss the adder. You grab the adder.
You constrict the adder, but do no damage.
The gnoll hits you from afar with a +0 spear.
* * * LOW HITPOINT WARNING * * *
The adder bites you.
* * * LOW HITPOINT WARNING * * *
You are lethally poisoned!
The adder poisons you!
You hit the adder.
The adder is moderately wounded.
You constrict the adder.
You die...

.......# ..#.. ..######
...# ###### ..# ...
.....# ..## ..##.....#
...# ..#.....#
.#.############.#.....#
.#.........†..........+
.###############...<..#
.# #@###### .# #S#
######


#gg .....# ##.# .....# gK .....# ... ...# ... ...# .... ...# You could see 2
gnolls, an adder, a hobgoblin and a kobold.

Vanquished Creatures
  An adder (D:2)
  A gnoll (D:2)
  A dart slug (D:2)
  An endoplasm (D:1)
  2 giant cockroaches
  A goblin (D:1)
  3 hobgoblins (D:1)
  14 jackals
  2 quokkas (D:1)
  3 ball pythons
  6 bats
  4 frilled lizards (D:1)
  5 kobolds
  A rat (D:1)
45 creatures vanquished.

Notes
Turn   | Place    | Note
-------+----------+-------------------------------------------
     0 | D:1      | ZARRMARR the Octopode Monk began the quest for the Orb.
     0 | D:1      | Reached XP level 1. HP: 16/16 MP: 1/1
    50 | D:1      | Reached XP level 2. HP: 20/21 MP: 2/2
   305 | D:1      | Reached XP level 3. HP: 26/26 MP: 3/3
   688 | D:1      | Found a faded altar of an unknown god.
  1252 | D:2      | Reached XP level 4. HP: 29/31 MP: 4/4
  1318 | D:2      | HP: 1/31 [adder (3)]
  1319 | D:2      | Succumbed to an adder's poison

Illustrated notes

Levels and vault maps discovered:
D:1:      wheals_arrival_shading, layout_loops_ring,
          ebering_ecumenical_altar_mist, minmay_indecisive_spiral
D:2:      layout_basic, grunt_decor_one_mirror, uniq_robin

Skill      XL: |  1  2 |
---------------+-------+-----
Stealth        | 3 |  3.6
Fighting       | |  3.4
Short Blades   | |  3.9
Dodging        | |  3.4

Action                   |  1- 3 |  4- 6 || total
-------------------------+-------+-------++-------
Melee: Short sword       |    81 |     9 ||    90
       Constrict         |    17 |     2 ||    19
       Tentacles         |    10 |       ||    10
 Stab: Sleeping          |    16 |     1 ||    17
Armor: Skin              |     4 |       ||     4
Dodge: Dodged            |    51 |     1 ||    52
